 Dungeon Crawl Stone Soup version 0.29-a0-1009-g60c99734e7 (webtiles) character file.

Game seed: 15783870296876811883

2186 spaghetti the Trooper (level 9, -10/139 HPs)
             Began as an Ogre Summoner on Aug 8, 2022.
             Was an Initiate of Gozag.
             Mangled by an eight-headed hydra (12 damage)
             ... on level 7 of the Dungeon.
             The game lasted 00:20:01 (8092 turns).

spaghetti the Trooper (Ogre Summoner)               Turns: 8092, Time: 00:20:02

Health: -10/139    AC: 28    Str: 17    XL:     9   Next: 33%
Magic:  1/19       EV:  1    Int: 18    God:    Gozag
Gold:   638        SH:  0    Dex: 12    Spells: 9/22 levels left

rFire   . . .      SeeInvis .   k - staff of death {!astaff}
rCold   . . .      Faith    .   (no shield)
rNeg    + . .      Spirit   .   (body armour currently unavailable)
rPois   +          Reflect  .   (helmet currently unavailable)
rElec   .          Harm     .   (cloak currently unavailable)
rCorr   .          Rampage  .   (gloves unavailable)
Will    .....      NoTele   +   (boots unavailable)
Stlth   ++........              w - amulet of regeneration {@e2}
HPRegen 1.13/turn               d - +4 ring of evasion
MPRegen 0.16/turn               h - +4 ring of protection

@: tree-form, gold aura
A: stationary, stasis, torment immunity, boosted hp, large, unfitting armour,
(tough skin 1), (hooves 1), agile 1, strong 1, inability to drink while
threatened 1
a: Renounce Religion, Potion Petition, Call Merchant, Bribe Branch


You were on level 7 of the Dungeon.
You worshipped Gozag.
Gozag was pleased with you.
You were a tree.
You visited 2 branches of the dungeon, and saw 8 of its levels.

You collected 703 gold pieces.
You paid 65 gold pieces to Gozag.


Innate Abilities, Weirdness & Mutations

You are a tree.
Your roots penetrate the ground, keeping you stationary.
You cannot be teleported.
You are immune to unholy pain and torment.
Your maximum health is greatly increased.
Your equipment is partially melded.
You are too large for most types of armour.
((You have tough skin. (AC +1)))
((You have large cloven feet.))
You are agile. (Dex +4, Str/Int -1)
Your muscles are strong. (Str +4, Int/Dex -1)
You occasionally lose the ability to drink potions when taking damage.


   Skills:
 + Level 7.6 Fighting
 + Level 5.8 Dodging
 - Level 1.5 Stealth
 + Level 7.0 Spellcasting
 + Level 6.6 Summonings


You had 9 spell levels left.
You knew the following spells:

 Your Spells              Type           Power      Damage    Failure   Level
a - Summon Small Mammal   Summ           100%       N/A       1%          1
b - Call Imp              Summ           30%        N/A       1%          2
c - Call Canine Familiar  Summ           30%        N/A       1%          3
d - Summon Guardian Gole  Hex/Summ       18%        N/A       9%          3
e - Summon Lightning Spi  Summ/Air       18%        N/A       26%         4

Your spell library contained the following spells:

 Spells                   Type           Power      Damage    Failure   Level
 Dazzling Flash           Conj/Hex       12%        N/A       32%         3
 Hailstorm                Conj/Ice       6%         3d4       71%         4
 Ice Form                 Ice/Tmut       6%         N/A       71%         4
 Agony                    Necr           9%         N/A       96%         5
 Silence                  Hex/Air        3%         N/A       96%         5
 Simulacrum               Ice/Necr       Unusable   N/A       N/A         6

Inventory:

Hand Weapons
 e - a +0 whip {mace}
   (You took it off a kobold on level 1 of the Dungeon)
 j - a +0 short sword {short}
   (You took it off a kobold on level 2 of the Dungeon)
 l - a +0 whip {mace}
   (You took it off a gnoll on level 2 of the Dungeon)
 m - a +0 halberd {polearm}
   (You took it off a gnoll on level 2 of the Dungeon)
 p - a +2 short sword of protection {short}
   (You took it off a kobold on level 6 of the Dungeon)
 z - a +4 whip {mace}
   (You took it off a kobold brigand on level 6 of the Dungeon)
 A - a +2 whip of flaming {mace}
   (You took it off Pikel on level 6 of the Dungeon)
Missiles
 c - 8 poisoned darts {throwing}
 g - 41 stones {throwing}
 y - 2 throwing nets {=f!fthrowing}
Armour
 a - a +0 robe (melded)
 n - a +0 cloak (melded)
   (You found it on level 5 of the Dungeon)
Magical Staves
 k - a staff of death (weapon) {!astaff}
   (You found it on level 1 of the Dungeon)
Jewellery
 d - a +4 ring of evasion (left branch)
   (You found it on level 1 of the Dungeon)
 f - a ring of flight
   (You found it on level 1 of the Dungeon)
 h - a +4 ring of protection (right branch)
   (You found it on level 4 of the Dungeon)
 r - a +6 ring of dexterity
   (You found it on level 3 of the Dungeon)
 w - an amulet of regeneration (around neck) {@e2}
   (You found it on level 5 of the Dungeon)
 C - a +4 ring of evasion
   (You found it on level 6 of the Dungeon)
Scrolls
 i - 4 scrolls of teleportation {@r4}
 q - a scroll of enchant armour
 s - a scroll of immolation {!r!r}
 u - a scroll of magic mapping {!r}
 x - 3 scrolls of enchant weapon {unknown}
 B - a scroll of identify {@r1}
 D - a scroll of vulnerability {unknown}
Potions
 b - a potion of magic
 o - a potion of attraction {!q}
 v - 2 potions of curing {@q1}

Dungeon Overview and Level Annotations

Branches:
Dungeon (7/15) Zot: 26594  Temple (1/1) D:4 Zot: 5881

Altars:
Ashenzari
Cheibriados
Dithmenos
Elyvilon
Fedhas
Gozag
Hepliaklqana
Kikubaaqudgha
Makhleb
Nemelex Xobeh
Okawaru
Ru
Sif Muna
Trog
Uskayaw
Vehumet
Wu Jian
Xom
Yredelemnul
Zin
The Shining One

#......... .........
....<.. ....# #5$## #$§.#
#h°o# ##hD## ## ## .>#
####h♣r# .##...
.....#.#n..####.#....
......................
...###.###...........#
...##..####.....#....#
#.......................##
##..........##......#......
#...................#......
##......<...............#


You could see an eight-headed hydra (ally target), a necrophage (ally target), a
howler monkey, a hound (unaware), an orc, a friendly hound (summoned), a
friendly crimson imp (summoned) and a friendly quokka (summoned).


Message History

Unknown command.
Unknown command.
Unknown command.
Casting: Summon Small Mammal (safe; 1% risk of failure)
Confirm with . or Enter, or press ? or * to list all spells.
A necrophage comes into view.
The eight-headed hydra bites you! The eight-headed hydra bites you.
The eight-headed hydra barely misses you.
The eight-headed hydra misses you.
The eight-headed hydra bites you but does no damage.
The eight-headed hydra closely misses you.
The eight-headed hydra bites you.
The eight-headed hydra barely misses you. 😮 HP[-13] MP[-3]
You take 13 damage, and now have 62/93 hp.
You lost 3 mp, and now have 0/19 mp.
Unknown command.
Unknown command.
Casting: Call Canine Familiar (safe; 1% risk of failure)
Confirm with . or Enter, or press ? or * to list all spells.
You don't have enough magic to cast this spell.
Unknown command.
Unknown command.
Unknown command.
Throw: dart (curare) {=fthrowing}
Press: ? - help, Shift-Dir - straight line, f - eight-headed hydra
Aim: an eight-headed hydra (heavily wounded, ally target, 79% to hit)
You throw a curare-tipped dart {=fthrowing}.
The curare-tipped dart {=fthrowing} hits the eight-headed hydra.
A bullfrog comes into view.
The howler monkey hits you but does no damage.
Your hound bites the howler monkey.
The eight-headed hydra completely misses you.
The eight-headed hydra bites you. The eight-headed hydra bites you! x2
* * * LOW HITPOINT WARNING * * *
The eight-headed hydra bites you!
* * * LOW HITPOINT WARNING * * *
The eight-headed hydra bites you but does no damage.
The eight-headed hydra bites you!
* * * LOW HITPOINT WARNING * * *
The eight-headed hydra barely misses you. 😱 HP[-43]
You take 43 damage, and now have 19/93 hp.
MASSIVE DAMAGE!! (PAUSE) Unknown command.
Okay, then.
Really quaff
t - a potion of lignification {!q}?
Really quaff the potion of lignification?
You turn into a tree.
Your +0 cloak melds into your body.
Your +0 robe melds into your body.
Your roots penetrate the ground.
Your hound barely misses the eight-headed hydra.
The howler monkey hits you but does no damage.
Your quokka bites the eight-headed hydra.
Your crimson imp blinks!
Your hound bites the eight-headed hydra.
The eight-headed hydra bites you but does no damage. x3
The eight-headed hydra bites you.
* * * LOW HITPOINT WARNING * * *
The eight-headed hydra bites you but does no damage. x4 😱 HP[+5]
You now have 139 max hp (+46).
You regained 5 hp, and now have 24/139 hp.
Unknown command.
Unknown command.
You hit the eight-headed hydra. The howler monkey hits you.
* * * LOW HITPOINT WARNING * * *
Your quokka closely misses the eight-headed hydra.
Your hound bites the eight-headed hydra.
The howler monkey hits you.
* * * LOW HITPOINT WARNING * * *
The eight-headed hydra bites you but does no damage. x2
The eight-headed hydra completely misses you.
The eight-headed hydra barely misses you.
The eight-headed hydra bites you.
* * * LOW HITPOINT WARNING * * *
The eight-headed hydra bites you!
* * * LOW HITPOINT WARNING * * *
The eight-headed hydra bites you but does no damage. x2
Something barely misses your crimson imp.
The necrophage hits your hound.
Your quokka bites the eight-headed hydra. 😱 HP[-14] MP[+1]
You take 14 damage, and now have 10/139 hp.
Unknown command.
Unknown command.
You hit the eight-headed hydra.
Your hound barely misses the necrophage.
The hound is distracted by your dazzling golden aura.
Something hits your crimson imp.
The howler monkey hits you but does no damage.
Your hound closely misses the necrophage.
Your quokka bites the eight-headed hydra.
The eight-headed hydra bites you but does no damage. x2
The eight-headed hydra completely misses you.
The eight-headed hydra bites you but does no damage.
The eight-headed hydra bites you!
* * * LOW HITPOINT WARNING * * *
The eight-headed hydra bites you!
You die...
Your body crumbles into a pile of gold.

Skill      XL: |  1  2  3  4  5  6  7  8  9 |
---------------+----------------------------+-----
Dodging        | 2 3 4 5 |  5.8
Fighting       | 1 2 3 4 5 7 |  7.6
Spellcasting   | 3 4 5 6 7 |  7.0
Summonings     | 4 5 6 |  6.6
Stealth        | |  1.5

Action                   |  1- 3 |  4- 6 |  7- 9 || total
-------------------------+-------+-------+-------++-------
Melee: Unarmed           |   126 |       |       ||   126
       Punch             |     2 |     2 |     2 ||     6
       Staff             |    15 |    52 |   194 ||   261
       Kick              |       |       |    22 ||    22
Throw: Dart              |       |       |     3 ||     3
       Throwing net      |       |       |     2 ||     2
 Cast: Summon Small Mamm |    35 |    15 |    48 ||    98
       Call Imp          |     5 |     7 |    36 ||    48
       Call Canine Famil |     4 |     8 |    37 ||    49
       Summon Guardian G |       |       |     9 ||     9
  Use: Scroll            |     3 |     1 |     5 ||     9
       Potion            |     1 |     3 |     3 ||     7
 Stab: Sleeping          |     2 |       |     1 ||     3
       Distracted        |       |     1 |     1 ||     2
Armor: Robe              |    50 |    19 |    91 ||   160
       Skin              |    13 |       |    16 ||    29
Dodge: Dodged            |   204 |    61 |   204 ||   469

Levels and vault maps discovered:
D:1:      spicycebolla_green_bress_n_ham, layout_basic, nrook_mini_vaults,
          minmay_misc_feat_diagonals, item_on_display_a
D:2:      layout_basic, grunt_ministairs_2
D:3:      layout_basic, jmf_multi_god_temple, hellmonk_ecumenical_altar_zigzags,
          st_stairs_5
D:4:      layout_cave_pools, minmay_temple_entry_glassed_door
D:5:      minmay_octagon_keep, layout_layer_cave, mainiacjoe_overflow_chevrons
D:6:      layout_rooms, lemuel_doored_altar, kiku_gazebo_garden_becter
D:7:      layout_cave_pools, uniq_pikel
Temple:   nicolae_temple_superstar

Notes
Turn   | Place    | Note
-------+----------+-------------------------------------------
     0 | D:1      | spaghetti the Ogre Summoner began the quest for the Orb.
     0 | D:1      | Reached XP level 1. HP: 16/16 MP: 3/3
     0 | D:1      | magus.rc [v1.9.6]
   652 | D:1      | Reached XP level 2. HP: 23/24 MP: 5/5
   773 | D:1      | Reached skill level 2 in Dodging
  1504 | D:2      | Reached skill level 1 in Fighting
  1504 | D:2      | Reached XP level 3. HP: 13/33 MP: 4/7
  1508 | D:2      | Reached skill level 3 in Spellcasting
  1818 | D:2      | Learned a level 2 spell: Call Imp
  1822 | D:2      | Learned a level 3 spell: Call Canine Familiar
  1991 | D:2      | Reached skill level 4 in Summonings
  2563 | D:3      | Found a faded altar of an unknown god.
  2816 | D:4      | Noticed a phantom
  2821 | D:4      | Reached XP level 4. HP: 30/42 MP: 0/8
  2837 | D:4      | Killed a phantom
  2838 | D:4      | Reached skill level 2 in Fighting
  2838 | D:4      | Reached XP level 5. HP: 41/50 MP: 0/10
  2921 | D:4      | Noticed a black bear
  2926 | D:4      | Noticed a sky beast
  2930 | D:4      | Killed a black bear
  2931 | D:4      | Reached skill level 3 in Fighting
  2931 | D:4      | Reached skill level 3 in Dodging
  2931 | D:4      | Reached XP level 6. HP: 53/61 MP: 4/11
  2947 | D:4      | Killed a sky beast
  2948 | D:4      | Reached skill level 4 in Spellcasting
  3434 | D:3      | Found a sparkling altar of Nemelex Xobeh.
  3434 | D:3      | Found a hide-covered altar of Uskayaw.
  3463 | D:3      | You pick up a book of the Senses and begin reading...
  3463 | D:3      | You add the spells Dazzling Flash, Agony and Silence to
                  | your library.
  3501 | D:3      | Learned a level 3 spell: Summon Guardian Golem
  3970 | D:4      | Reached skill level 4 in Fighting
  3970 | D:4      | Reached XP level 7. HP: 57/70 MP: 5/13
  4083 | D:4      | Found a staircase to the Ecumenical Temple.
  4112 | Temple   | Entered the Ecumenical Temple
  4221 | Temple   | Became a worshipper of Gozag Ym Sagoz the Greedy
  4516 | D:4      | You fall into a shaft and drop 2 floors!
  4563 | D:5      | Entered Level 5 of the Dungeon
  4673 | D:5      | Reached skill level 5 in Summonings
  4920 | D:5      | Found a burning altar of Makhleb.
  4921 | D:5      | You pick up a book of the Tundra and begin reading...
  4921 | D:5      | You add the spells Hailstorm and Ice Form to your library.
  5095 | D:5      | Reached skill level 4 in Dodging
  5095 | D:5      | Reached skill level 5 in Spellcasting
  5398 | D:5      | Gained mutation: You have large cloven feet. [potion of
                  | mutation]
  5398 | D:5      | Gained mutation: You occasionally lose the ability to drink
                  | potions when taking damage. [potion of mutation]
  5398 | D:5      | Gained mutation: You have hidden genetic potential. [potion
                  | of mutation]
  5586 | D:5      | Reached skill level 5 in Fighting
  5827 | D:5      | Reached XP level 8. HP: 79/80 MP: 1/16
  6660 | D:6      | Found a shadowy altar of Dithmenos.
  6896 | D:6      | Gained mutation: Your muscles are strong. (Str +4, Int/Dex
                  | -1) [hidden potential]
  7051 | D:6      | Reached skill level 6 in Fighting
  7110 | D:6      | Reached skill level 6 in Spellcasting
  7385 | D:6      | Reached skill level 5 in Dodging
  7538 | D:6      | Found an ancient bone altar of Kikubaaqudgha.
  7617 | D:6      | Reached skill level 6 in Summonings
  7706 | D:7      | Noticed a komodo dragon
  7706 | D:7      | Noticed Pikel
  7747 | D:6      | Killed a komodo dragon
  7908 | D:6      | Killed Pikel
  7909 | D:6      | Reached skill level 7 in Fighting
  7909 | D:6      | Reached XP level 9. HP: 92/93 MP: 10/19
  7915 | D:6      | Gained mutation: You are agile. (Dex +4, Str/Int -1)
                  | [hidden potential]
  7915 | D:6      | Lost mutation: You have hidden genetic potential. [hidden
                  | potential expressed]
  7976 | D:6      | Learned a level 4 spell: Summon Lightning Spire
  8009 | D:7      | Reached skill level 7 in Spellcasting
  8074 | D:7      | Noticed an eight-headed hydra
  8089 | D:7      | HP: 19/93 [eight-headed hydra (12)]
  8092 | D:7      | HP: 2/139 [eight-headed hydra (9)]
  8092 | D:7      | Mangled by an eight-headed hydra

Vanquished Creatures
  A komodo dragon (D:6)
  A jelly (D:4)
  A gnoll bouda (D:5)
  An iguana (D:6)
  2 gnolls
  5 adders
  A white imp (D:6)
  A nameless horror (D:3)
  2 dart slugs
  2 orcs (D:5)
  An endoplasm (D:4)
  2 hobgoblins
  3 jackals (D:1)
  3 quokkas
  3 bats
  3 frilled lizards
  2 kobolds
  3 rats
37 creatures vanquished.

Vanquished Creatures (collateral kills)
  Pikel (D:6)
  A sky beast (D:4)
  2 black bears
  An ice beast (D:5)
  2 ogres (D:5)
  A lemure (D:6)
  A phantom (D:4)
  A kobold brigand (D:6)
  A howler monkey (D:7)
  2 hounds
  A gnoll bouda (D:6)
  An orc priest (D:6)
  3 iguanas
  2 orc wizards
  12 gnolls
  4 adders
  An ufetubus (D:5)
  A worm (D:3)
  A dart slug (D:5)
  8 orcs
  6 endoplasms
  A goblin (D:4)
  5 hobgoblins
  8 kobolds
  A ball python (D:1)
  2 bats (D:1)
  A frilled lizard (D:1)
71 creatures vanquished.

Vanquished Creatures (others)
  A scorpion (D:6)
  A howler monkey (D:7)
  An orc wizard (D:5)
3 creatures vanquished.

Grand Total: 111 creatures vanquished

Table legend:
 A = Non-vault XP
 B = Vault XP
 C = Vault XP percentage of total XP
 D = Non-vault monster count
 E = Vault monster count
 F = Vault count percentage of total count
                 A         B        C        D         E       F
            +---------+---------+-------+---------+---------+-------
      Total |    2422 |     702 |  22.5 |     100 |       9 |   8.3
            +---------+---------+-------+---------+---------+-------
        D:1 |      16 |       7 |  30.4 |      12 |       4 |  25.0
        D:2 |      54 |       0 |   0.0 |       9 |       0 |   0.0
        D:3 |      10 |      54 |  84.4 |       6 |       4 |  40.0
        D:4 |     498 |       0 |   0.0 |      16 |       0 |   0.0
        D:5 |     653 |       0 |   0.0 |      25 |       0 |   0.0
        D:6 |    1044 |     641 |  38.0 |      29 |       1 |   3.3
        D:7 |     147 |       0 |   0.0 |       3 |       0 |   0.0
            +---------+---------+-------+---------+---------+-------

Illustrated notes

Table legend:
 A = Kills in this place as a percentage of kills in entire the game.
 B = Kills by you in this place as a percentage of kills by you in the entire game.
 C = Kills by friends in this place as a percentage of kills by friends in the entire game.
 D = Other kills in this place as a percentage of other kills in the entire game.
 E = Experience gained in this place as a percentage of experience gained in the entire game.
 F = Experience gained in this place divided by the number of levels of this place that you have seen.
                   A       B       C       D       E      F
               +-------+-------+-------+-------+-------+----------------------
         Total | 100.0 | 100.0 | 100.0 | 100.0 | 100.0 | 390.5
       Dungeon | 100.0 | 100.0 | 100.0 | 100.0 | 100.0 | 446.3
               +-------+-------+-------+-------+-------+----------------------

Table legend: (Time is in decaauts)
 A = Elapsed time spent in this place.
 B = Non-inter-level travel time spent in this place.
 C = Inter-level travel time spent in this place.
 D = Time resting spent in this place.
 E = Time spent auto-exploring this place.
 F = Levels seen in this place.
 G = Mean time per level.
                   A        B        C        D        E       F      G
               +--------+--------+--------+--------+--------+-----+--------+
         Total |   8138 |   7943 |    195 |    272 |   6169 |   8 | 1017.2 |
       Dungeon |   8019 |   7853 |    166 |    272 |   6096 |   7 | 1145.6 |
        Temple |    118 |     89 |     29 |      0 |     73 |   1 |  118.0 |
               +--------+--------+--------+--------+--------+-----+--------+

Top non-repeatable levels by time:
     D:5: 1925 daAuts
     D:6: 1536 daAuts
     D:1: 1450 daAuts
     D:3: 1153 daAuts
     D:2: 968 daAuts
     D:4: 840 daAuts
     D:7: 145 daAuts
  Temple: 118 daAuts
